[ AOE2 MATCH · #495315445 ]
UnrankedBohemians vs Huns
Player's team · LOSS
Rival team · WIN
[ REPLAY ANALYSIS · EXTRACTED FROM THE RECORDED GAME ]
Feudal
9:15
Castle
20:16
Imperial
—
| APM avg | 56.6 |
| APM peak | 87 |
| eAPM avg | 26.6 |
| Villagers / military | 101 / 74 |
Focus
⚔️ 42.8% · 🌾 57.2%
Archer ×63 · Spearman ×4 · Hussite Wagon ×4 · Mangonel ×2 · Monk ×1
Feudal
8:55
Castle
20:43
Imperial
—
| APM avg | 62.8 |
| APM peak | 108 |
| eAPM avg | 25.9 |
| Villagers / military | 144 / 67 |
Focus
⚔️ 40.7% · 🌾 59.3%
Skirmisher ×49 · Mangonel ×9 · Scout Cavalry ×5 · Monk ×3 · Cavalry Archer ×1
Match map
Initial resources + every placement click. Lines = walls · curves = elevation contours. ◆ gold · ⬟ stone · ● berries · ✦ relic · ◌ wall gap
Your base· Open — 8t gap
Hannibal's base· Open — unwalled flank
Smoothed initial terrain · ◌ = detected wall gap · hover for details
Inputs per minute
— sane - - Hannibal
Build order — sane
First 150 of 294 actions detected
| 0:00 | Create | Villager (Male) |
| 0:00 | Create | Villager (Male) |
| 0:01 | Create | Villager (Male) |
| 0:01 | Create | Villager (Male) |
| 0:02 | Build | House |
| 0:03 | Build | House |
| 1:36 | Create | Villager (Male) |
| 1:49 | Create | Villager (Male) |
| 2:07 | Create | Villager (Male) |
| 2:20 | Build | Lumber Camp |
| 2:48 | Create | Villager (Male) |
| 2:48 | Create | Villager (Male) |
| 3:11 | Create | Villager (Male) |
| 3:56 | Create | Villager (Male) |
| 3:57 | Create | Villager (Male) |
| 4:03 | Build | House |
| 4:40 | Build | Mill |
| 4:43 | Create | Villager (Male) |
| 4:57 | Create | Villager (Male) |
| 5:24 | Create | Villager (Male) |
| 5:43 | Create | Villager (Male) |
| 5:45 | Create | Villager (Male) |
| 5:55 | Research | Loom |
| 6:47 | Research | Feudal Age |
| 6:48 | Research | Feudal Age |
| 7:05 | Build | Mining Camp |
| 7:08 | Create | Villager (Male) |
| 7:22 | Create | Villager (Male) |
| 7:40 | Build | House |
| 7:48 | Build | Palisade Wall |
| 7:51 | Create | Villager (Male) |
| 8:02 | Build | Barracks |
| 8:12 | Create | Villager (Male) |
| 9:15 | Age | Feudal Age |
| 9:17 | Build | Archery Range |
| 9:19 | Research | Double-Bit Axe |
| 9:22 | Create | Villager (Male) |
| 9:24 | Create | Villager (Male) |
| 9:32 | Create | Spearman |
| 9:49 | Create | Villager (Male) |
| 9:51 | Build | House |
| 9:52 | Build | House |
| 9:56 | Create | Spearman |
| 10:03 | Build | House |
| 10:05 | Build | Palisade Wall |
| 10:06 | Build | Palisade Wall |
| 10:13 | Create | Archer |
| 10:13 | Create | Archer |
| 10:37 | Build | House |
| 10:40 | Build | Palisade Wall |
| 10:41 | Create | Villager (Male) |
| 10:42 | Create | Archer |
| 11:08 | Build | Farm |
| 11:09 | Create | Villager (Male) |
| 11:15 | Create | Archer |
| 11:29 | Create | Spearman |
| 11:36 | Build | Palisade Wall |
| 11:37 | Create | Spearman |
| 11:39 | Create | Villager (Male) |
| 12:01 | Build | Blacksmith |
| 12:03 | Create | Villager (Male) |
| 12:17 | Create | Villager (Male) |
| 12:30 | Create | Villager (Male) |
| 12:31 | Create | Archer |
| 12:32 | Build | Farm |
| 12:35 | Build | Farm |
| 12:36 | Create | Villager (Male) |
| 12:43 | Create | Archer |
| 12:49 | Build | House |
| 12:50 | Build | House |
| 13:13 | Create | Villager (Male) |
| 13:17 | Research | Fletching |
| 13:17 | Research | Fletching |
| 13:25 | Create | Villager (Male) |
| 13:27 | Build | Farm |
| 13:28 | Build | Farm |
| 13:35 | Build | Palisade Wall |
| 13:37 | Build | Palisade Wall |
| 13:41 | Build | Palisade Wall |
| 13:46 | Create | Villager (Male) |
| 13:49 | Build | Farm |
| 13:51 | Build | Farm |
| 14:00 | Create | Villager (Male) |
| 14:06 | Build | Farm |
| 14:25 | Create | Villager (Male) |
| 14:27 | Build | Farm |
| 14:41 | Create | Archer |
| 15:01 | Create | Villager (Male) |
| 15:02 | Build | Farm |
| 15:06 | Create | Villager (Male) |
| 15:07 | Create | Archer |
| 15:12 | Build | Farm |
| 15:15 | Create | Villager (Male) |
| 15:21 | Build | Farm |
| 15:24 | Create | Archer |
| 15:59 | Create | Archer |
| 16:11 | Create | Archer |
| 16:13 | Create | Villager (Male) |
| 16:25 | Build | Farm |
| 16:26 | Build | Farm |
| 16:40 | Create | Archer |
| 17:01 | Create | Archer |
| 17:05 | Build | Lumber Camp |
| 17:07 | Create | Villager (Male) |
| 17:32 | Research | Castle Age |
| 17:49 | Build | Archery Range |
| 17:53 | Build | House |
| 17:55 | Build | House |
| 18:05 | Build | Farm |
| 18:09 | Create | Archer |
| 18:24 | Create | Archer |
| 18:31 | Build | House |
| 18:32 | Build | House |
| 18:33 | Build | House |
| 18:46 | Create | Archer |
| 18:47 | Create | Archer |
| 18:48 | Create | Villager (Male) |
| 18:58 | Build | House |
| 19:01 | Build | House |
| 19:05 | Create | Villager (Male) |
| 19:10 | Build | Mining Camp |
| 19:12 | Create | Archer |
| 19:59 | Create | Archer |
| 20:00 | Create | Archer |
| 20:16 | Age | Castle Age |
| 20:17 | Research | Crossbowman (upgrade) |
| 20:23 | Research | Bodkin Arrow |
| 20:27 | Create | Villager (Male) |
| 20:29 | Create | Archer |
| 20:37 | Create | Archer |
| 20:46 | Research | Bow Saw |
| 20:47 | Create | Villager (Male) |
| 20:52 | Create | Archer |
| 20:55 | Create | Archer |
| 21:02 | Create | Villager (Male) |
| 21:04 | Build | Archery Range |
| 21:12 | Build | University |
| 21:15 | Create | Villager (Male) |
| 21:18 | Create | Archer |
| 21:44 | Create | Archer |
| 21:58 | Create | Archer |
| 21:58 | Create | Villager (Male) |
| 22:04 | Build | Town Center |
| 22:12 | Create | Villager (Male) |
| 22:14 | Create | Archer |
| 22:21 | Create | Archer |
| 22:21 | Create | Archer |
| 22:27 | Create | Villager (Male) |
| 22:41 | Create | Archer |
| 22:48 | Create | Archer |
Build order — Hannibal
First 150 of 320 actions detected
| 0:00 | Create | Villager (Male) |
| 0:00 | Create | Villager (Male) |
| 0:01 | Create | Villager (Male) |
| 0:03 | Create | Villager (Male) |
| 1:14 | Create | Villager (Male) |
| 1:41 | Create | Villager (Male) |
| 1:56 | Build | Lumber Camp |
| 2:16 | Create | Villager (Male) |
| 2:17 | Create | Villager (Male) |
| 2:48 | Create | Villager (Male) |
| 3:14 | Create | Villager (Male) |
| 3:32 | Create | Villager (Male) |
| 4:21 | Build | Mill |
| 4:25 | Create | Villager (Male) |
| 4:25 | Create | Villager (Male) |
| 4:27 | Create | Villager (Male) |
| 5:26 | Create | Villager (Male) |
| 5:55 | Research | Loom |
| 6:38 | Build | Palisade Wall |
| 6:45 | Research | Feudal Age |
| 7:02 | Build | Lumber Camp |
| 8:05 | Build | Barracks |
| 8:24 | Create | Villager (Male) |
| 8:55 | Age | Feudal Age |
| 8:58 | Build | Stable |
| 9:01 | Create | Villager (Male) |
| 9:03 | Research | Double-Bit Axe |
| 9:15 | Create | Villager (Male) |
| 9:38 | Create | Scout Cavalry |
| 9:38 | Create | Scout Cavalry |
| 9:48 | Build | Farm |
| 9:49 | Build | Farm |
| 9:51 | Create | Villager (Male) |
| 10:02 | Build | Farm |
| 10:07 | Create | Villager (Male) |
| 10:13 | Create | Villager (Male) |
| 10:24 | Build | Farm |
| 10:28 | Create | Villager (Male) |
| 10:31 | Create | Scout Cavalry |
| 10:35 | Create | Villager (Male) |
| 10:36 | Create | Villager (Male) |
| 11:00 | Create | Villager (Male) |
| 11:07 | Create | Scout Cavalry |
| 11:11 | Build | Archery Range |
| 11:16 | Create | Villager (Male) |
| 11:35 | Create | Villager (Male) |
| 11:49 | Create | Scout Cavalry |
| 12:07 | Create | Skirmisher |
| 12:08 | Create | Skirmisher |
| 12:09 | Create | Villager (Male) |
| 12:20 | Research | Horse Collar |
| 12:26 | Create | Villager (Male) |
| 12:32 | Create | Skirmisher |
| 12:38 | Build | Farm |
| 12:43 | Build | Farm |
| 12:49 | Create | Villager (Male) |
| 12:59 | Create | Villager (Male) |
| 13:01 | Build | Farm |
| 13:04 | Build | Farm |
| 13:16 | Create | Skirmisher |
| 13:39 | Create | Villager (Male) |
| 13:39 | Create | Villager (Male) |
| 13:41 | Build | Farm |
| 13:45 | Build | Farm |
| 13:50 | Build | Mining Camp |
| 14:07 | Create | Skirmisher |
| 14:08 | Create | Villager (Male) |
| 14:12 | Build | Farm |
| 14:21 | Create | Villager (Male) |
| 14:24 | Create | Skirmisher |
| 14:27 | Create | Villager (Male) |
| 14:39 | Create | Skirmisher |
| 14:45 | Create | Skirmisher |
| 14:48 | Create | Villager (Male) |
| 15:03 | Create | Villager (Male) |
| 15:10 | Build | Market |
| 15:29 | Research | Wheelbarrow |
| 15:54 | Build | Blacksmith |
| 16:07 | Create | Skirmisher |
| 16:08 | Create | Skirmisher |
| 16:25 | Build | Farm |
| 16:26 | Build | Farm |
| 16:28 | Create | Villager (Male) |
| 16:40 | Create | Skirmisher |
| 16:45 | Build | Farm |
| 17:00 | Create | Villager (Male) |
| 17:05 | Build | Palisade Wall |
| 17:07 | Build | Palisade Wall |
| 17:31 | Build | Farm |
| 17:31 | Build | Farm |
| 17:32 | Build | Farm |
| 17:32 | Build | Farm |
| 17:32 | Build | Farm |
| 17:52 | Build | Farm |
| 18:03 | Research | Castle Age |
| 18:03 | Research | Castle Age |
| 18:08 | Create | Skirmisher |
| 18:20 | Research | Padded Archer Armor |
| 18:37 | Create | Skirmisher |
| 18:37 | Create | Skirmisher |
| 18:46 | Research | Gold Mining |
| 18:46 | Research | Gold Mining |
| 19:16 | Research | Fletching |
| 19:27 | Create | Skirmisher |
| 19:50 | Create | Skirmisher |
| 20:01 | Create | Skirmisher |
| 20:43 | Age | Castle Age |
| 20:45 | Create | Villager (Male) |
| 20:54 | Build | Town Center |
| 20:59 | Research | Bow Saw |
| 21:00 | Create | Villager (Male) |
| 21:01 | Research | Bodkin Arrow |
| 21:04 | Create | Villager (Male) |
| 21:10 | Build | Mining Camp |
| 21:27 | Create | Skirmisher |
| 21:42 | Create | Villager (Male) |
| 21:53 | Create | Villager (Male) |
| 21:53 | Create | Villager (Male) |
| 21:54 | Create | Villager (Male) |
| 22:18 | Create | Villager (Male) |
| 22:18 | Create | Villager (Male) |
| 22:22 | Research | Elite Skirmisher (upgrade) |
| 22:24 | Create | Villager (Male) |
| 22:26 | Create | Villager (Male) |
| 22:45 | Create | Villager (Male) |
| 22:46 | Create | Villager (Male) |
| 22:48 | Create | Villager (Male) |
| 23:04 | Create | Villager (Male) |
| 23:14 | Create | Skirmisher |
| 23:17 | Create | Villager (Male) |
| 23:22 | Research | Leather Archer Armor |
| 23:23 | Create | Villager (Male) |
| 23:34 | Create | Villager (Male) |
| 23:38 | Create | Skirmisher |
| 23:43 | Create | Villager (Male) |
| 23:46 | Build | Farm |
| 23:49 | Create | Skirmisher |
| 24:01 | Create | Villager (Male) |
| 24:09 | Create | Villager (Male) |
| 24:15 | Build | Town Center |
| 24:18 | Create | Skirmisher |
| 24:35 | Create | Villager (Male) |
| 24:38 | Create | Skirmisher |
| 24:39 | Create | Villager (Male) |
| 24:51 | Create | Villager (Male) |
| 24:55 | Create | Villager (Male) |
| 25:07 | Create | Skirmisher |
| 25:07 | Create | Skirmisher |
| 25:15 | Build | Siege Workshop |
| 25:17 | Create | Villager (Male) |
Match timeline
| 6:38 | Hannibal · wall_segment Palisade Wall x1 |
| 7:48 | sane · wall_segment Palisade Wall x13 |
| 8:02 | sane · first_building Barracks |
| 8:05 | Hannibal · first_building Barracks |
| 8:55 | Hannibal · age_up feudal |
| 8:58 | Hannibal · first_building Stable |
| 9:15 | sane · age_up feudal |
| 9:17 | sane · first_building Archery Range |
| 10:05 | sane · wall_segment Palisade Wall x5 |
| 10:06 | sane · wall_segment Palisade Wall x7 |
| 10:40 | sane · wall_segment Palisade Wall x5 |
| 11:11 | Hannibal · first_building Archery Range |
| 11:36 | sane · wall_segment Palisade Wall x9 |
| 13:35 | sane · wall_segment Palisade Wall x2 |
| 13:37 | sane · wall_segment Palisade Wall x1 |
| 13:41 | sane · wall_segment Palisade Wall x1 |
| 16:22 | Hannibal · first_market_sell 500 stone |
| 16:22 | Hannibal · first_market_buy 100 food |
| 17:05 | Hannibal · wall_segment Palisade Wall x1 |
| 17:07 | Hannibal · wall_segment Palisade Wall x1 |
| 20:16 | sane · age_up castle |
| 20:43 | Hannibal · age_up castle |
| 23:35 | sane · first_building Siege Workshop |
| 25:15 | Hannibal · first_building Siege Workshop |
| 25:36 | Hannibal · first_building Monastery |
| 27:29 | sane · first_building Castle |
| 31:58 | sane · first_building Monastery |
| 32:37 | Hannibal · first_building Castle |
| 33:27 | sane · first_market_buy 100 stone |
| 34:25 | sane · resign |
[ AI ANALYSIS · 1 CREDIT ]
What really happened in this match?
Wolo.gg analyzes every decision: build order, eco, micro, common mistakes by bracket. Personalized analysis on WhatsApp or Discord in 30 seconds.
Civ guide
Bohemians
Perfil
Jugador #4116886